 Dungeon Crawl Stone Soup version 0.25.0-46-gbd7b0854d2 (webtiles) character file.

Game seed: 5148121960987941364

1239 funkygono the Ruffian (level 8, -13/75 HPs)
             Began as a Troll Monk on July 15, 2020.
             Was an Initiate of Ru.
             Mangled by an orc warrior
             ... wielding a +0 battleaxe
              (20 damage)
             ... on level 6 of the Dungeon.
             The game lasted 00:12:35 (4858 turns).

funkygono the Ruffian (Troll Monk)                  Turns: 4858, Time: 00:12:36

Health: -13/75     AC:  8    Str: 22    XL:     8   Next: 25%
Magic:  7/7        EV: 11    Int:  6    God:    Ru [......]
Gold:   252        SH:  0    Dex: 12    Spells: 7/7 levels left

rFire    . . .     SeeInvis .     - Unarmed
rCold    . . .     Gourm    +   (no shield)
rNeg     . . .     Faith    .   h - +1 animal skin
rPois    .         Spirit   .   (helmet restricted)
rElec    .         Reflect  .   n - +0 cloak
rCorr    .         Harm     .   (gloves unavailable)
MR       .....     Rnd*Tele +   (boots unavailable)
Stlth    ++........             (no amulet)
HPRegen  0.62/turn              u - ring of teleportation (curse)
MPRegen  0.10/turn              m - +4 ring of slaying

@: slowed, very slow
A: large, unfitting armour, claws 3, fast metabolism 3, gourmand, regeneration
1, shaggy fur 1, tough skin 3, disrupted magic 1
a: Renounce Religion


You were on level 6 of the Dungeon.
You worshipped Ru.
Ru was noncommittal.
You were not hungry.

You visited 2 branches of the dungeon, and saw 7 of its levels.

You collected 252 gold pieces.

Inventory:

Missiles
 a - 78 stones
 e - 23 poisoned darts
 p - 7 atropa-tipped darts
 s - 3 curare-tipped darts (quivered)
Armour
 h - a +1 animal skin (worn)
 l - a scarf of invisibility
 n - a +0 cloak (worn)
Jewellery
 g - an uncursed ring of fire
 m - a +4 ring of slaying (right claw)
 t - an uncursed ring of stealth
 u - a cursed ring of teleportation (left claw)
Wands
 v - a wand of digging (5)
 w - a wand of random effects (6)
Scrolls
 c - 4 scrolls of teleportation
 f - a scroll of fear
 i - a scroll of remove curse
Potions
 d - a potion of curing
 j - a potion of resistance
 k - a potion of heal wounds {unknown}
 o - a potion of brilliance {unknown}
 q - 3 potions of mutation {unknown}
Comestibles
 b - 11 rations


   Skills:
 + Level 3.1 Fighting
 + Level 4.2 Throwing
 + Level 4.1 Dodging
 - Level 1.0 Stealth
 + Level 7.9 Unarmed Combat


You had 7 spell levels left.
You didn't know any spells.
Your spell library was empty.

Dungeon Overview and Level Annotations

Branches:
Dungeon (6/15)             Temple (1/1) D:5

Altars:
Ashenzari
Cheibriados
Dithmenos
Elyvilon
Fedhas
Gozag
Hepliaklqana
Kikubaaqudgha
Makhleb
Nemelex Xobeh
Okawaru
Qazlal
Ru
Sif Muna
Uskayaw
Vehumet
Wu Jian
Xom
Yredelemnul
Zin
The Shining One


Innate Abilities, Weirdness & Mutations

You are too large for most types of armour.
You have claws for hands.
Your metabolism is lightning-fast.
You like to eat raw meat.
Your natural rate of healing is unusually fast.
You are covered in fur. (AC +1)
You have extremely tough skin. (AC +3)
Your casting is slightly disrupted.


Message History

The orc warrior hits you with a +0 battleaxe!
The ogre closely misses you. The orc hits you with a +0 hand axe.
The ogre barely misses you.
A crimson imp comes into view.
The orc hits you but does no damage. The ogre barely misses you.
The orc hits you but does no damage. The ogre closely misses you.
The jelly hits you but does no damage. The orc barely misses you.
You closely miss the orc. The ogre completely misses you.
The jelly hits you but does no damage. The orc barely misses you.
The crimson imp blinks!
The orc warrior hits you with a +0 battleaxe!
The ogre hits you with a +0 giant spiked club!!
* * * LOW HITPOINT WARNING * * *
You scratch the ogre.
The ogre is moderately wounded.
The orc completely misses you.
The orc warrior hits you with a +0 battleaxe!!
You die...

#######
####.....#
#........#
#..5ooJ.#
##..oo@.##
#...#O###
##.ยง####
##...#
...#...####
...........#
.......5..?#
#.......Z....#
##...........#


You could see an orc warrior, an ogre, a jelly, a crimson imp and 3 orcs.

Vanquished Creatures
  Grinder (D:5)
  An ice beast (D:5)
  A black bear (D:5)
  An ogre (D:4)
  A scorpion (D:5)
  The ghost of funkygono the Conjurer, a weakling DrCj (D:3)
  A howler monkey (D:6)
  A crimson imp (D:5)
  An orc wizard (D:6)
  2 centaur skeletons (D:5)
  Crazy Yiuf (D:2)
  An orc priest (D:6)
  3 hounds
  An iguana (D:5)
  6 worker ants
  2 hound zombies
  Robin (D:2)
  3 adders
  2 shadow imps (D:5)
  2 worker ant simulacra (D:3)
  An ooze (D:1)
  2 adder skeletons (D:5)
  8 dart slugs
  2 adder simulacra (D:3)
  2 leopard geckos
  5 orcs
  3 giant cockroaches
  14 goblins
  9 hobgoblins
  2 jackals (D:3)
  4 kobolds
  3 quokkas
  2 ball pythons
  10 bats
  3 frilled lizards
  A jackal simulacrum (D:3)
  A jackal skeleton (D:5)
  A jackal zombie (D:5)
  A quokka zombie (D:5)
  4 rats
  A spectral orc (D:3)
112 creatures vanquished.

Notes
Turn   | Place    | Note
-------+----------+-------------------------------------------
     0 | D:1      | funkygono the Troll Monk began the quest for the Orb.
     0 | D:1      | Reached XP level 1. HP: 22/22 MP: 0/0
    90 | D:1      | Reached XP level 2. HP: 29/29 MP: 1/1
   400 | D:1      | Reached XP level 3. HP: 34/36 MP: 2/2
  1198 | D:2      | Noticed Robin
  1233 | D:2      | Killed Robin
  1233 | D:2      | Reached XP level 4. HP: 30/44 MP: 3/3
  1761 | D:2      | Reached skill level 4 in Unarmed Combat
  1786 | D:2      | Found a runed translucent door.
  1787 | D:2      | Noticed Crazy Yiuf
  1797 | D:2      | Killed Crazy Yiuf
  2090 | D:3      | Found a basalt altar of Yredelemnul.
  2168 | D:3      | Noticed funkygono's ghost (weakling DrCj)
  2284 | D:3      | Found a runed translucent gate.
  2284 | D:3      | Found a runed translucent gate.
  2286 | D:3      | Found a runed translucent gate.
  2327 | D:3      | Killed funkygono's ghost
  2327 | D:3      | Reached XP level 5. HP: 34/53 MP: 4/4
  2418 | D:3      | Reached skill level 5 in Unarmed Combat
  2599 | D:3      | Found an ornate altar of the Wu Jian Council.
  2754 | D:4      | Found a sparkling altar of Nemelex Xobeh.
  2840 | D:4      | Found a shattered altar of Ashenzari.
  3046 | D:4      | Reached XP level 6. HP: 61/61 MP: 5/5
  3191 | D:4      | Reached skill level 1 in Throwing
  3272 | D:4      | Reached skill level 6 in Unarmed Combat
  3379 | D:5      | Entered Level 5 of the Dungeon
  3489 | D:5      | Reached XP level 7. HP: 47/67 MP: 6/6
  3948 | D:5      | Found a staircase to the Ecumenical Temple.
  3960 | Temple   | Entered the Ecumenical Temple
  4204 | Temple   | Became a worshipper of Ru the Awakened
  4206 | Temple   | Gained mutation: Your casting is slightly disrupted. [Ru
                  | sacrifice]
  4439 | D:5      | Noticed Grinder
  4441 | D:5      | Paralysed by Grinder for 2 turns
  4460 | D:5      | Paralysed by Grinder for 5 turns
  4466 | D:5      | Reached skill level 7 in Unarmed Combat
  4473 | D:5      | Killed Grinder
  4473 | D:5      | Reached XP level 8. HP: 50/75 MP: 7/7
  4631 | D:5      | Found a hazy altar of Hepliaklqana.
  4643 | D:5      | Found an opulent altar of Gozag.
  4766 | D:6      | Found an iron altar of Okawaru.
  4858 | D:6      | Mangled by an orc warrior

Illustrated notes

Levels and vault maps discovered:
D:1:      dpeg_arrival_radiant, layout_basic
D:2:      layout_basic, uniq_robin, uniq_crazy_yiuf_cottage
D:3:      layout_rooms, lemuel_crystal_altar,
          yredelemnul_forgotten_temple_becter, gammafunk_ghost_icy
D:4:      layout_rooms, lemuel_crystal_altar, nemelex_xobeh_ov_fountains_minmay,
          first_ration, fountainhead
D:5:      layout_cave_pods, amethyst_overflow_temple_binary,
          minmay_temple_entry_butterflies, uniq_grinder
D:6:      layout_cave_pods, okawaru_metal_pillars_1_2,
          overflow_temple_1_default, basic_altar
Temple:   eino_temple_water

Skill      XL: |  1  2  3  4  5  6  7 |
---------------+----------------------+-----
Dodging        | 3 4 |  4.1
Unarmed Combat | 4 5 6 7 |  7.9
Fighting       | 3 |  3.1
Throwing       | 2 4 |  4.2
Stealth        | |  1.0

Action                   |  1- 3 |  4- 6 |  7- 9 || total
-------------------------+-------+-------+-------++-------
Melee: Unarmed           |   104 |   107 |    82 ||   293
       Punch             |     1 |     3 |     2 ||     6
Throw: Stone             |       |     1 |       ||     1
       Dart              |       |    47 |    11 ||    58
Invok: Sacrifice Essence |       |       |     1 ||     1
  Use: Scroll            |     2 |     8 |     1 ||    11
 Stab: Sleeping          |     2 |     1 |       ||     3
  Eat: Chunk             |    16 |    21 |     5 ||    42
Armor: Robe              |    54 |     4 |       ||    58
       Animal skin       |       |    31 |    64 ||    95
Dodge: Dodged            |    60 |    48 |    64 ||   172
